 Dungeon Crawl Stone Soup version 0.23-a0-767-gdc19b93 (webtiles) character file.

26 LairdRich the Chopper (level 2, -9/27 HPs)
             Began as a Minotaur Berserker on Jan 19, 2019.
             Was a Follower of Trog.
             Mangled by an orc warrior
             ... wielding a +0 short sword
              (15 damage)
             ... on level 2 of the Dungeon.
             The game lasted 00:06:53 (1308 turns).

LairdRich the Chopper (Minotaur Berserker)          Turns: 1308, Time: 00:06:54

Health: -9/27      AC:  5    Str: 21    XL:     2   Next: 89%
Magic:  0/1        EV:  6    Int:  4    God:    Trog [*.....]
Gold:   47         SH: 11    Dex:  9    Spells: 1/1 levels left

rFire    . . .     SeeInvis .   a - +0 hand axe
rCold    . . .     Gourm    .   o - +0 large shield
rNeg     . . .     Faith    .   h - +0 ring mail
rPois    .         Spirit   +   (helmet restricted)
rElec    .         Reflect  .   f - scarf {Spirit}
rCorr    .         Harm     .   (no gloves)
MR       .....                  (no boots)
Stlth    ..........             (no amulet)
HPRegen  0.09/turn              (no ring)
MPRegen  0.07/turn              (no ring)

@: no status effects
A: retaliatory headbutt, horns 2
a: Berserk, Renounce Religion


You were on level 2 of the Dungeon.
You worshipped Trog.
Trog was aware of your devotion.
You were not hungry.

You visited 1 branch of the dungeon, and saw 2 of its levels.

You collected 47 gold pieces.

Inventory:

Hand Weapons
 a - a +0 hand axe (weapon)
Armour
 b - a +0 animal skin
 f - a scarf of spirit shield (worn)
 h - a +0 ring mail (worn)
 o - a +0 large shield (worn)
Scrolls
 c - a scroll of noise {unknown}
 g - a scroll of amnesia {unknown}
 i - a scroll of immolation {unknown}
 j - a scroll of remove curse {unknown}
 l - a scroll of blinking {unknown}
 m - 2 scrolls of enchant weapon {unknown}
Potions
 d - 2 potions of might {unknown}
 k - a potion of flight {unknown}
Comestibles
 e - a ration
 n - 2 chunks of flesh


   Skills:
 + Level 4.0 Fighting
 * Level 4.4 Axes
 + Level 3.0 Armour
 - Level 2.1 Dodging
 + Level 0.0 Shields


You had one spell level left.
You didn't know any spells.
Your spell library was empty.

Dungeon Overview and Level Annotations

Branches:
Dungeon (2/15)

Altars:


Innate Abilities, Weirdness & Mutations

You reflexively headbutt those who attack you in melee.
You have a pair of horns on your head.


Message History

You hit the orc warrior but do no damage.
Your headbutt misses the orc warrior.
You hear a shout!
You hear an angry hiss.
You block the orc warrior's attack.
You completely miss the orc warrior.
The orc warrior hits you but does no damage.
An orc wizard comes into view. It is wielding a +0 whip.
You hit the orc warrior.
The orc warrior is lightly wounded.
You block the orc warrior's attack.
The orc wizard casts a spell.
The orc wizard blinks!
The orc warrior hits you with a +0 short sword!
Ouch! That really hurt!
* * * LOW HITPOINT WARNING * * *
You hit the orc warrior but do no damage.
The orc warrior is lightly wounded.
The orc warrior hits you with a +0 short sword!
Ouch! That really hurt!
You die...

.......#.#.##
#######.###.# ##.#.##
#..## ### #.## #.. #.#
#.# # ##.## #.# .##
####...#########.#[..###
+.....รท......@oo.o......
####...#########.#...###
##..# #.# .## ##.# #.# #
#.# #.# #.# #.# #.# #.#
#.# #.# #.#


You could see an orc warrior, an orc wizard and an orc.

Vanquished Creatures
  A worm (D:2)
  A dart slug (D:1)
  A leopard gecko (D:1)
  A giant cockroach (D:1)
  3 goblins (D:1)
  4 hobgoblins
  2 bats
  4 kobolds (D:1)
  2 rats (D:1)
19 creatures vanquished.

Notes
Turn   | Place    | Note
-------+----------+-------------------------------------------
     0 | D:1      | LairdRich the Minotaur Berserker began the quest for the
                  | Orb.
     0 | D:1      | Reached XP level 1. HP: 19/19 MP: 0/0
   609 | D:1      | Reached XP level 2. HP: 25/27 MP: 1/1
  1295 | D:2      | Noticed an orc warrior
  1308 | D:2      | Mangled by an orc warrior

Vault maps used:
D:1:      minmay_arrival_nine_rooms

Skill      XL: |  1  2 |
---------------+-------+-----
Axes           | 4 |  4.4
Fighting       | 4 |  4.0
Armour         | 3 |  3.0
Dodging        | |  2.1

Action                   || total
-------------------------++-------
Melee: Hand axe          ||    48
       Headbutt          ||     6
Invok: Berserk           ||     1
  Eat: Chunk             ||     2
Armor: Ring mail         ||     9
       Animal skin       ||     4
Dodge: Dodged            ||    22
Block: Large shield      ||     4

Table legend:
 A = Non-vault XP
 B = Vault XP
 C = Vault XP percentage of total XP
 D = Non-vault monster count
 E = Vault monster count
 F = Vault count percentage of total count
                 A         B        C        D         E       F
            +---------+---------+-------+---------+---------+-------
      Total |      38 |       0 |   0.0 |      19 |       0 |   0.0
            +---------+---------+-------+---------+---------+-------
        D:1 |      29 |       0 |   0.0 |      16 |       0 |   0.0
        D:2 |       9 |       0 |   0.0 |       3 |       0 |   0.0
            +---------+---------+-------+---------+---------+-------
